 Dungeon Crawl Stone Soup version 0.21.0-3-g78d12a8 (webtiles) character file.

966 MTVSty1e the Cleaver (level 7, 0/63 HPs)
             Began as a White Draconian Gladiator on Jan 12, 2018.
             Was an Initiate of Okawaru.
             Killed by divine providence
             ... invoked by an orc priest
              (10 damage)
             ... on level 4 of the Dungeon.
             The game lasted 00:07:24 (3677 turns).

MTVSty1e the Cleaver (White Draconian Gladiator)    Turns: 3677, Time: 00:07:26

Health: 0/63       AC:  8    Str: 20    XL:     7   Next: 93%
Magic:  7/7        EV: 12    Int:  9    God:    Okawaru [......]
Gold:   166        SH:  0    Dex: 12    Spells: 6/6 levels left

rFire    . . .     SeeInvis .   a - +0 war axe
rCold    + . .     Gourm    .   (no shield)
rNeg     . . .     Faith    .   (armour unavailable)
rPois    +         Spirit   .   b - +1 hat
rElec    .         Reflect  .   g - +0 cloak
rCorr    .         Harm     .   (no gloves)
MR       .....                  (no boots)
Stlth    +.........             (no amulet)
HPRegen  0.20/turn              (no ring)
MPRegen  0.10/turn              (no ring)

@: about to teleport, short of breath, drained
A: breathe frost, unfitting armour, talons 1, cold resistance 1, poison
resistance, strong 1, cold-blooded, AC +6
a: Breathe Frost, Renounce Religion


You were on level 4 of the Dungeon.
You worshipped Okawaru.
Okawaru was noncommittal.
You were not hungry.

You visited 2 branches of the dungeon, and saw 5 of its levels.
You also visited: Ossuary.

You collected 166 gold pieces.

Inventory:

Hand Weapons
 a - a +0 war axe (weapon)
 k - a +0 antimagic hand axe
Missiles
 c - 3 throwing nets (quivered)
Armour
 b - a +1 hat (worn)
 g - a +0 cloak (worn)
Jewellery
 n - an uncursed ring of ice
Wands
 s - a wand of digging (10)
Scrolls
 f - 4 scrolls of random uselessness
 h - 5 scrolls of identify
 j - 2 scrolls of immolation
 m - 2 scrolls of remove curse
 p - a scroll of enchant weapon {unknown}
 r - a scroll of fog {unknown}
Potions
 e - a potion of curing
 l - 2 potions of invisibility
 q - 2 potions of mutation
 t - 2 potions of resistance
 u - a potion of flight
Books
 o - a book of Minor Magic

   Spells                             Type                      Level
   a - Magic Dart                     Conjuration                  1
   b - Blink                          Translocation                2
   c - Call Imp                       Summoning                    2
   d - Slow                           Hexes                        2
   e - Conjure Flame                  Conjuration/Fire             3
   f - Mephitic Cloud                 Conjuration/Poison/Air       3
Comestibles
 d - 3 rations
 v - 2 chunks of flesh


   Skills:
 + Level 6.1(5.1) Fighting
 * Level 8.1(7.0) Axes
 - Level 1.7(0.8) Throwing
 - Level 2.6(1.7) Dodging


You had 6 spell levels left.
You didn't know any spells.

Dungeon Overview and Level Annotations

Branches:
Dungeon (4/15)             Temple (1/1) D:4

Altars:
Ashenzari
Cheibriados
Elyvilon
Okawaru
Sif Muna
Trog
Vehumet
Wu Jian
Xom
Zin
The Shining One


Innate Abilities, Weirdness & Mutations

You can breathe waves of freezing cold.
You can buffet flying creatures when you breathe cold.
Your icy white scales are hard. (AC +6)
You cannot fit into any form of body armour.
Your flesh is cold resistant. (rC+)
You are cold-blooded and may be slowed by cold attacks.
You have sharp toenails.
Your system is resistant to poisons. (rPois)
Your muscles are strong. (Str +2)


Message History

The orc priest calls upon Beogh to heal the orc wizard.
The orc wizard's wounds heal themselves!
The orc wizard gestures wildly while chanting.
The orc wizard blinks!
The orc priest hits you with a short sword.
* * * LOW HITPOINT WARNING * * *
As you read the scroll of teleportation, it crumbles to dust.
You feel strangely unstable. The orc priest hits you with a whip.
* * * LOW HITPOINT WARNING * * *
The orc priest hits you but does no damage.
You feel better.
The orc priest hits you but does no damage.
The orc priest closely misses you.
You hit the orc priest. Your kick misses the orc priest.
You tail-slap the orc priest.
The orc priest is almost dead.
You barely miss the orc priest.
The orc priest mumbles some strange prayers to Beogh against you.
Beogh smites you!
You die...

*,,,,,***,,,,,* *,* *,* **
**,,*** **.**** *,*** *,***,
**,** *.## **,,****,,,* ****,**
*#.# *,,,,**,,** ,,,,,** #.#
**,,,,,,,,* ,,,,,,* #.##
*,,,,,,,,,* ,,,,,,**
#!.######..,,,,,,,* ,,,,,,,*
#...o......,,,,,,,** ..,**,.###
##..@o).....,,**,,,,,
..****...####..o#######.,,**,,,,,
.#####....#.....# *,,,,*,,,,,
................# **,,,,,,,,.
................# *,,,,,,...
................## **,<*,,...
.................# *,,**,$...
.................#######,****....
..##.......#........>..### *,...


You could see 2 orc priests and an orc wizard.

Vanquished Creatures
  The ghost of grindst0ne the Skirmisher, a novice DsCK of Xom (D:4)
  Sigmund (D:2)
  Blork the orc (D:4)
  A hound (D:4)
  An orc priest (D:4)
  A human zombie (Ossuary)
  Terence (D:2)
  Jessica (D:2)
  Ijyb (D:4)
  2 orc wizards (D:3)
  6 mummies (Ossuary)
  A hound skeleton (D:4)
  4 adders
  An ooze (D:2)
  2 worms
  2 dart slugs
  3 leopard geckos
  12 orcs
  3 giant cockroaches
  2 gnoll zombies (Ossuary)
  5 goblins
  5 hobgoblins
  2 jackals (D:2)
  5 bats
  3 frilled lizards
  A goblin zombie (Ossuary)
  A hobgoblin zombie (Ossuary)
  5 kobolds
  A kobold zombie (Ossuary)
  2 orc zombies (Ossuary)
  A quokka skeleton (D:4)
  5 rats
83 creatures vanquished.

Notes
Turn   | Place    | Note
-------+----------+-------------------------------------------
     0 | D:1      | MTVSty1e the Draconian Gladiator began the quest for the Orb.
     0 | D:1      | Reached XP level 1. HP: 17/17 MP: 1/1
   481 | D:1      | Reached XP level 2. HP: 19/25 MP: 2/2
   722 | D:2      | Noticed Terence
   731 | D:2      | Killed Terence
   731 | D:2      | Reached XP level 3. HP: 21/30 MP: 3/3
   748 | D:2      | Reached skill level 4 in Axes
  1107 | D:2      | Found a faded altar of an unknown god.
  1212 | D:2      | Found a bloodstained altar of Trog.
  1226 | D:2      | Reached XP level 4. HP: 34/38 MP: 4/4
  1293 | D:2      | Noticed Sigmund
  1302 | D:2      | Gained mutation: You have sharp toenails. [potion of mutation]
  1302 | D:2      | Gained mutation: Your system is resistant to poisons. (rPois) [potion of mutation]
  1302 | D:2      | Gained mutation: Your muscles are strong. (Str +2) [potion of mutation]
  1316 | D:2      | Killed Sigmund
  1316 | D:2      | Reached skill level 5 in Axes
  1316 | D:2      | Reached XP level 5. HP: 36/46 MP: 5/5
  1395 | D:2      | Found a deep blue altar of Sif Muna.
  1438 | D:2      | Noticed Jessica
  1442 | D:2      | Killed Jessica
  1898 | D:3      | Found a radiant altar of Vehumet.
  1946 | D:3      | Reached XP level 6. HP: 46/53 MP: 6/6
  1962 | D:3      | Found a shimmering altar of Xom.
  2006 | D:3      | Reached skill level 6 in Axes
  2021 | D:3      | Found a faded altar of an unknown god.
  2021 | D:3      | Found a white marble altar of Elyvilon.
  2027 | D:3      | Found a snail-covered altar of Cheibriados.
  2029 | D:3      | Found a glowing silver altar of Zin.
  2031 | D:3      | Found a faded altar of an unknown god.
  2355 | D:3      | Found a glowing golden altar of the Shining One.
  2477 | D:4      | Found a staircase to the Ecumenical Temple.
  2493 | Temple   | Entered the Ecumenical Temple
  2554 | Temple   | Became a worshipper of Warmaster Okawaru
  2605 | D:4      | Noticed grindst0ne's ghost (novice DsCK)
  2655 | D:4      | Found a sand-covered staircase.
  2661 | Ossuary  | Entered an ossuary
  2747 | Ossuary  | Reached skill level 5 in Fighting
  2760 | Ossuary  | Your scales start taking on an icy white colour.
  2760 | Ossuary  | Reached XP level 7. HP: 20/61 MP: 7/7
  2760 | Ossuary  | Gained mutation: Your flesh is cold resistant. (rC+) [White Draconian growth]
  3136 | D:4      | Killed grindst0ne's ghost
  3136 | D:4      | Reached skill level 7 in Axes
  3512 | D:4      | Noticed Blork the orc
  3524 | D:4      | Killed Blork the orc
  3563 | D:4      | Noticed Ijyb
  3579 | D:4      | Killed Ijyb
  3579 | D:4      | Reached skill level 8 in Axes
  3673 | D:4      | HP: 3/63 [orc priest/short sword (2)]
  3677 | D:4      | Killed from afar by an orc priest

Skill      XL: |  1  2  3  4  5  6  7 |
---------------+----------------------+-----
Axes           | 4 5 6 8 |  8.1
Fighting       | 3 4 5 6 |  6.1
Throwing       | |  1.7
Dodging        | |  2.6

Action                   |  1- 3 |  4- 6 |  7- 9 || total
-------------------------+-------+-------+-------++-------
Melee: War axe           |    69 |   115 |    57 ||   241
       Tailslap          |    11 |    11 |     8 ||    30
       Kick              |       |    30 |    31 ||    61
       Hand axe          |       |       |    21 ||    21
 Abil: Breathe Frost     |       |       |     1 ||     1
  Use: Potion            |       |     5 |     5 ||    10
       Scroll            |       |     1 |    12 ||    13
 Stab: Invisible         |       |     2 |       ||     2
       Sleeping          |       |     2 |       ||     2
       Distracted        |       |       |     1 ||     1
  Eat: Chunk             |     1 |       |     1 ||     2
       Ration            |       |     2 |       ||     2
Armor: Skin              |    26 |    35 |    18 ||    79
Dodge: Dodged            |    55 |    71 |    40 ||   166
